 Dungeon Crawl Stone Soup version 0.24-a0-139-geb6712d (console) character file.

Game seed: 15601516194907321047

233 bli the Chopper (level 6, -16/47 HPs)
             Began as a Formicid Abyssal Knight on Mar 2, 2019.
             Was a Believer of Lugonu.
             Demolished by an ogre
             ... wielding a +0 giant spiked club
              (26 damage)
             ... on level 4 of the Dungeon.
             The game lasted 00:07:31 (2699 turns).

bli the Chopper (Formicid Abyssal Knight)           Turns: 2699, Time: 00:07:31

Health: -16/47     AC:  5    Str: 17    XL:     6   Next: 26%
Magic:  8/8        EV: 11    Int: 12    God:    Lugonu [**....]
Gold:   168        SH:  0    Dex: 11    Spells: 5/5 levels left

rFire    . . .     SeeInvis +   a - +1 hand axe
rCold    . . .     Gourm    .   (no shield)
rNeg     . . .     Faith    .   f - +0 ring mail
rPois    .         Spirit   .   (helmet unavailable)
rElec    .         Reflect  .   (no cloak)
rCorr    .         Harm     .   (no gloves)
MR       .....                  (no boots)
Stlth    +.........             y - amulet of the acrobat
HPRegen  0.15/turn              (no ring)
MPRegen  0.11/turn              (no ring)

@: no status effects
A: permanent stasis, dig shafts and tunnels, four strong arms, antennae 3
a: Dig, Shaft Self, Depart the Abyss, Bend Space, Renounce Religion


You were on level 4 of the Dungeon.
You worshipped Lugonu.
Lugonu was pleased with you.
You were not hungry.

You visited 1 branch of the dungeon, and saw 4 of its levels.
You visited the Abyss 1 time.

You collected 168 gold pieces.

Inventory:

Hand Weapons
 a - a +1 hand axe (weapon)
 e - a +0 spear
 s - a +0 whip
Missiles
 i - 23 sling bullets
 j - 64 stones (quivered)
 l - 4 needles of confusion
 t - 12 poisoned needles
Armour
 b - a +0 leather armour
 f - a +0 ring mail (worn)
 q - a +0 chain mail
 u - a +0 pair of gloves
Jewellery
 y - an amulet of the acrobat (around neck)
Scrolls
 d - a scroll of magic mapping {unknown}
 g - 6 scrolls of teleportation {unknown}
 k - 2 scrolls of immolation {unknown}
 m - 3 scrolls of identify {unknown}
 r - a scroll of enchant weapon {unknown}
 w - a scroll of fear {unknown}
 z - a scroll of noise {unknown}
 B - a scroll of fog {unknown}
Potions
 h - 2 potions of curing {unknown}
 n - a potion of heal wounds {unknown}
 o - a potion of might {unknown}
 p - a potion of lignification {unknown}
 v - a potion of invisibility {unknown}
 x - a potion of ambrosia {unknown}
 A - a potion of magic {unknown}
Comestibles
 c - 4 rations


   Skills:
 + Level 3.5 Fighting
 + Level 4.6 Axes
 * Level 4.1 Armour
 + Level 1.3 Dodging
 * Level 2.7 Invocations


You had 5 spell levels left.
You didn't know any spells.
Your spell library was empty.

Dungeon Overview and Level Annotations

Branches:
Dungeon (4/15)
 Temple: D:4-7

Altars:


Innate Abilities, Weirdness & Mutations

You cannot be hasted, slowed, berserked, paralysed or teleported.
You can dig through walls and to a lower floor.
Your four strong arms can wield two-handed weapons with a shield.
You have a pair of large antennae on your head. (SInv)


Message History

a +0 flail; a +2 dagger of flaming; a +0 robe; an orc skeleton
Things that are here:
a cursed -1 dagger; a +0 robe You sense a monster nearby.
An ogre comes into view. It is wielding a +0 giant spiked club.
You hit the ogre.
The ogre is lightly wounded.
The ogre closely misses you.
You hit the ogre but do no damage.
The ogre is lightly wounded.
The ogre hits you with a +0 giant spiked club!!
Ouch! That really hurt!
* * * LOW HITPOINT WARNING * * *
You completely miss the ogre.
The ogre is lightly wounded.
You slash the ogre!
The ogre is heavily wounded.
The ogre hits you with a +0 giant spiked club!!
Ouch! That really hurt!
You die...

#.......#
#.......#
#.......#
##......#
#.....##
#.....#
##..#.#
####.#
#.###
##...##
#...@.#
#....O..#
#........#
#........#
#........#
.........#
#........##
#...#.....


You could see an ogre.

Vanquished Creatures
  An orc priest (D:3)
  2 orc wizards (D:4)
  3 gnolls (D:2)
  5 adders
  5 worms
  3 dart slugs
  5 orcs
  3 giant cockroaches
  3 hobgoblins (D:2)
  A quokka (D:3)
  6 bats
  4 frilled lizards (D:1)
  10 goblins
  3 kobolds
  3 rats
57 creatures vanquished.

Notes
Turn   | Place    | Note
-------+----------+-------------------------------------------
     0 | Abyss:1  | bli the Formicid Abyssal Knight began the quest for the
                  | Orb.
     0 | Abyss:1  | Reached XP level 1. HP: 18/18 MP: 2/2
    76 | Abyss:1  | Noticed a small abomination
    86 | Abyss:1  | Noticed a wight
   111 | D:1      | Escaped the Abyss
   238 | D:1      | Reached * piety under Lugonu
   283 | D:1      | Reached XP level 2. HP: 21/24 MP: 3/3
   484 | D:1      | Reached skill level 1 in Dodging
   833 | D:2      | Reached XP level 3. HP: 24/29 MP: 4/4
  1001 | D:2      | Reached XP level 4. HP: 17/35 MP: 5/5
  1093 | D:2      | Reached ** piety under Lugonu
  1386 | D:2      | Reached XP level 5. HP: 29/41 MP: 6/6
  2650 | D:4      | Reached XP level 6. HP: 47/47 MP: 7/7
  2693 | D:4      | Noticed an ogre
  2699 | D:4      | Demolished by an ogre

Levels and vault maps discovered:
D:1:      lightli_arrival_noodles, layout_loops_cross, minmay_misc_feat_roman
D:2:      layout_basic
D:3:      layout_basic
D:4:      layout_cave_pods, first_ration
Abyss:1

Skill      XL: |  1  2  3  4  5  6 |
---------------+-------------------+-----
Dodging        | 1 |  1.3
Armour         | 3 4 |  4.1
Axes           | 3 4 |  4.6
Fighting       | |  3.5
Invocations    | |  2.7

Action                   |  1- 3 |  4- 6 || total
-------------------------+-------+-------++-------
Melee: Hand axe          |    84 |   129 ||   213
Invok: Depart the Abyss  |     1 |       ||     1
 Abil: Dig               |       |     3 ||     3
  Eat: Chunk             |       |     6 ||     6
Armor: Ring mail         |    32 |    51 ||    83
Dodge: Dodged            |    53 |    76 ||   129

Table legend:
 A = Non-vault XP
 B = Vault XP
 C = Vault XP percentage of total XP
 D = Non-vault monster count
 E = Vault monster count
 F = Vault count percentage of total count
                 A         B        C        D         E       F
            +---------+---------+-------+---------+---------+-------
      Total |     334 |       0 |   0.0 |      57 |       0 |   0.0
            +---------+---------+-------+---------+---------+-------
        D:1 |      25 |       0 |   0.0 |      16 |       0 |   0.0
        D:2 |     120 |       0 |   0.0 |      24 |       0 |   0.0
        D:3 |     106 |       0 |   0.0 |      14 |       0 |   0.0
        D:4 |      83 |       0 |   0.0 |       3 |       0 |   0.0
            +---------+---------+-------+---------+---------+-------
